 Dungeon Sprint DCSS version 0.24.0-37-gcf1ca852f1 (webtiles) character file.

Game seed: 6818652124247897945, levelgen mode: deterministic

6898 Cryoshakespeare the Imperceptible (level 10, -6/50 HPs)
             Began as a Vampire Enchanter on Nov 23, 2019.
             Was the Champion of Wu Jian.
             Mangled by a demonic crawler (9 damage)
             ... in the Dungeon (Sprint I: "Red Sonja").
             The game lasted 00:12:29 (1541 turns).

Cryoshakespeare the Imperceptible (VpEn)            Turns: 1541, Time: 00:12:30

Health: -6/50      AC:  6    Str:  7    XL:     10   Next: 79%
Magic:  12/13      EV: 14    Int: 17    God:    Wu Jian [******]
Gold:   354        SH:  0    Dex: 19    Spells: 7/13 levels left

rFire    . . .     SeeInvis +   h - +1 dagger (drain)
rCold    + + +     Gourm    .   (no shield)
rNeg     + + +     Faith    .   c - +3 leather armour {rC+}
rPois    ∞         Spirit   .   (no helmet)
rElec    .         Reflect  .   (no cloak)
rCorr    +         Harm     +   (no gloves)
MR       +....     NoTele   +   (no boots)
Stlth    +++++++++.             a - amulet of harm
HPRegen  0.00/turn              j - ring of resist corrosion
MPRegen  0.13/turn              (no ring)

@: bloodless
A: no food, fangs 3, see invisible, unbreathing
a: Bat Form, Revivify, Wall Jump, Serpent's Lash, Heavenly Storm, Renounce
Religion


You were in the Dungeon.
You worshipped Wu Jian.
Wu Jian was exalted by your worship.
You were bloodless.

You visited 1 branch You collected 1090 gold pieces.
You spent 736 gold pieces at shops.

Inventory:

Hand Weapons
 h - a +1 dagger of draining (weapon)
Armour
 c - a +3 leather armour of cold resistance (worn)
Jewellery
 a - an amulet of harm (around neck)
 j - a ring of resist corrosion (left hand)
Potions
 b - 2 potions of cancellation
 d - 3 potions of curing
 e - 2 potions of heal wounds
 f - a potion of haste
 g - 2 potions of magic
Miscellaneous
 k - a fan of gales


   Skills:
 - Level 12.1 Short Blades
 + Level 3.8 Dodging
 - Level 23.0 Stealth
 - Level 2.0 Spellcasting
 - Level 21.4 Hexes


You had 7 spell levels left.
You knew the following spells:

 Your Spells              Type           Power        Failure   Level  Hunger
b - Ensorcelled Hibernat  Hex/Ice        #####.       1%          2    N/A
c - Confuse               Hex            ######..     0%          3    N/A
d - Confusing Touch       Hex            ######       0%          1    N/A

Your spell library contained the following spells:

 Spells                   Type           Power        Failure   Level  Hunger
 Corona                   Hex            ######.      0%          1    N/A
 Tukima's Dance           Hex            ######..     0%          3    N/A
 Dazzling Spray           Conj/Hex       #####.       1%          3    N/A
 Metabolic Englaciation   Hex/Ice        #####.....   10%         5    N/A
 Yara's Violent Unravell  Hex/Tmut       #####.....   10%         5    N/A
 Gell's Gravitas          Tloc           #.........   65%         3    N/A
 Petrify                  Tmut/Erth      #.......     96%         4    N/A

Dungeon Overview and Level Annotations

Branches:
Dungeon (1/1)

Altars:
Cheibriados
Dithmenos
Elyvilon
Fedhas
Gozag
Hepliaklqana
Kikubaaqudgha
Makhleb
Nemelex Xobeh
Okawaru
Qazlal
Ru
Sif Muna
Trog
Uskayaw
Vehumet
Wu Jian
Xom
Yredelemnul
Zin
The Shining One
Jiyva
Lugonu

Shops:
D :=!=!(?*?[!*=*([(


Innate Abilities, Weirdness & Mutations

You do not eat.
You do not regenerate when monsters are visible.
You are frail without blood (-20% HP).
You can heal yourself when you bite living creatures.
You are immune to poison.
You have razor-sharp teeth.
You have supernaturally acute eyesight. (SInv)
You can survive without breathing.


Message History

Confirm with . or Enter, or press ? or * to list all spells.
Your hands begin to glow red.
The demonic crawler hits you. x3
You hit the demonic crawler but do no damage.
The demonic crawler hits you but does no damage.
The demonic crawler hits you.
The demonic crawler hits you but does no damage.
You hit the demonic crawler but do no damage.
You hit the demonic crawler but do no damage.
The demonic crawler appears confused.
The demonic crawler seems to be having trouble coordinating its many legs.
The demonic crawler hits you!
* * * LOW HITPOINT WARNING * * *
The demonic crawler hits you.
* * * LOW HITPOINT WARNING * * *
The demonic crawler hits you.
* * * LOW HITPOINT WARNING * * *
You hit the demonic crawler.
The demonic crawler is lightly wounded.
The demonic crawler hits you!
You die...

#######################
#..'..#.)†..#__#..'..)#
'[.#.)'..#..'..'@s#...##+#
#####'#####'#__####)..s..#
####..#...#(####§[#####..+
#__####..##[#≈§§.§#.§# ##
#_____##'#_.§≈≈≈§§'§§#
#_.∩...'.(._#§§≈§§#..#
#_..__##_.#'##'#####'###
#_____###'#[#§.(.###.'.#
#########.####'###[###.#


You could see a demonic crawler (confused).

Vanquished Creatures
  2 centaur warriors (D)
  Sonja (D)
  2 unseen horrors (D)
  A deep troll (D)
  An oklob plant (D)
  2 kobold demonologists (D)
  2 demonic crawlers (D)
  A hornet (D)
  A slime creature (D)
  2 redbacks (D)
  A yak (D)
  Sigmund (D)
  2 floating eyes (D)
  7 necrophages (D)
  An ogre (D)
  8 jellies (D)
  Ijyb (D)
36 creatures vanquished.

Vanquished Creatures (others)
  A gargoyle (D)
  2 hornets (D)
  2 ballistomycete spores (D)
5 creatures vanquished.

Grand Total: 41 creatures vanquished

Notes
Turn   | Place    | Note
-------+----------+-------------------------------------------
     0 | D        | Cryoshakespeare the Vampire Enchanter began the quest for
                  | the Orb.
     0 | D        | Reached XP level 1. HP: 13/13 MP: 3/3
     2 | D        | Noticed Ijyb
    14 | D        | Killed Ijyb
    14 | D        | Reached skill level 10 in Stealth
    14 | D        | Reached XP level 2. HP: 19/19 MP: 5/5
    66 | D        | Noticed an ogre
    68 | D        | Killed an ogre
    68 | D        | Reached skill level 14 in Stealth
    68 | D        | Reached XP level 3. HP: 19/19 MP: 6/6
    68 | D        | Reached XP level 4. HP: 24/24 MP: 7/7
    79 | D        | Learned a level 2 spell: Ensorcelled Hibernation
    83 | D        | Learned a level 3 spell: Confuse
    84 | D        | Noticed Sigmund
    87 | D        | Killed Sigmund
    87 | D        | Reached skill level 17 in Stealth
    87 | D        | Reached XP level 5. HP: 28/28 MP: 8/8
   100 | D        | Found an ornate altar of the Wu Jian Council.
   100 | D        | Found a shimmering blue altar of Sif Muna.
   102 | D        | Found a radiant altar of Vehumet.
   105 | D        | Became a worshipper of the Wu Jian Council
   107 | D        | Reached skill level 18 in Stealth
   107 | D        | Reached XP level 6. HP: 32/32 MP: 9/9
   109 | D        | Found Pumefol's Jewellery Emporium.
   109 | D        | Found an ancient bone altar of Kikubaaqudgha.
   109 | D        | Found a hazy altar of Hepliaklqana.
   109 | D        | Found a stormy altar of Qazlal.
   109 | D        | Found a hide-covered altar of Uskayaw.
   109 | D        | Found a blossoming altar of Fedhas.
   109 | D        | Found a bloodstained altar of Trog.
   109 | D        | Found an iron altar of Okawaru.
   109 | D        | Found a basalt altar of Yredelemnul.
   109 | D        | Found a glowing golden altar of the Shining One.
   109 | D        | Found a snail-covered altar of Cheibriados.
   109 | D        | Found a sacrificial altar of Ru.
   109 | D        | Found a glowing silver altar of Zin.
   109 | D        | Found a shadowy altar of Dithmenos.
   109 | D        | Found a white marble altar of Elyvilon.
   109 | D        | Noticed a yak
   110 | D        | Found an opulent altar of Gozag.
   110 | D        | Killed a yak
   110 | D        | Reached skill level 10 in Hexes
   111 | D        | Found a sparkling altar of Nemelex Xobeh.
   140 | D        | Found a burning altar of Makhleb.
   140 | D        | Found a viscous altar of Jiyva.
   140 | D        | Found a shimmering altar of Xom.
   140 | D        | Found a corrupted altar of Lugonu.
   140 | D        | Noticed a slime creature
   142 | D        | Killed a slime creature
   142 | D        | Reached * piety under Wu Jian
   142 | D        | Reached XP level 7. HP: 36/36 MP: 10/10
   154 | D        | Noticed a kobold demonologist
   155 | D        | Noticed a kobold demonologist
   157 | D        | Killed a kobold demonologist
   157 | D        | Reached skill level 15 in Hexes
   159 | D        | Killed a kobold demonologist
   159 | D        | Reached ** piety under Wu Jian
   159 | D        | Reached XP level 8. HP: 41/41 MP: 11/11
   179 | D        | Noticed Sonja
   183 | D        | Killed Sonja
   199 | D        | Found Toxi's Book Boutique.
   207 | D        | Bought a book of Misfortune for 280 gold pieces
   209 | D        | Learned a level 1 spell: Confusing Touch
   412 | D        | Bought an uncursed amulet of harm for 420 gold pieces
   427 | D        | Noticed a deep troll
   430 | D        | Killed a deep troll
   430 | D        | Reached XP level 9. HP: 45/45 MP: 12/12
   442 | D        | Found Rotagym's Armour Emporium.
   465 | D        | Noticed a centaur warrior
   465 | D        | Noticed a centaur warrior
   467 | D        | Killed a centaur warrior
   467 | D        | Reached skill level 5 in Short Blades
   467 | D        | Reached skill level 19 in Stealth
   469 | D        | Killed a centaur warrior
   469 | D        | Reached *** piety under Wu Jian
   469 | D        | Reached skill level 20 in Stealth
   520 | D        | Noticed an oklob plant
   521 | D        | Killed an oklob plant
   521 | D        | Reached XP level 10. HP: 50/50 MP: 13/13
   533 | D        | Reached **** piety under Wu Jian
   533 | D        | Reached skill level 21 in Stealth
   554 | D        | Noticed an unseen horror
   554 | D        | Noticed an unseen horror
   558 | D        | Killed an unseen horror
   558 | D        | Reached skill level 10 in Short Blades
   559 | D        | Killed an unseen horror
   559 | D        | Reached skill level 22 in Stealth
   562 | D        | Reached ***** piety under Wu Jian
   688 | D        | Reached ****** piety under Wu Jian
   733 | D        | Found Sovus's Jewellery Shoppe.
   733 | D        | Found Jeops's Distillery.
   733 | D        | Found Boischung's Distillery.
   735 | D        | Found Maasekh's Weapon Emporium.
   735 | D        | Found Equch's Magic Scroll Shop.
   735 | D        | Found Veweolan's General Store.
   735 | D        | Found Wipso's Magic Scroll Boutique.
   735 | D        | Found Usch's Armour Emporium.
   735 | D        | Found Naetrut's Distillery.
   735 | D        | Found Efiso's Assorted Antiques.
   738 | D        | Found Muasmuc's Jewellery Boutique.
   739 | D        | Found Ton Heni's Weapon Emporium.
   739 | D        | Found Ebbuck's Assorted Antiques.
   740 | D        | Bought a scroll of remove curse for 36 gold pieces
   743 | D        | Found Peodwa's Weapon Emporium.
  1466 | D        | Killed a gargoyle
  1517 | D        | Reached skill level 23 in Stealth
  1541 | D        | Mangled by a demonic crawler

Levels and vault maps discovered:
D:        dungeon_sprint_1 [red_sonja_temple_1, red_sonja_temple_small_1]

Skill      XL: |  1  2  3  4  5  6  7  8  9 10 |
---------------+-------------------------------+-----
Stealth        | 10 14 17 18 20 23 | 23.0
Hexes          | 13 17 21 | 21.4
Short Blades   | 9 12 | 12.1
Dodging        | 3 |  3.8
Spellcasting   | |  2.0

Action                   |  1- 3 |  4- 6 |  7- 9 | 10-12 || total
-------------------------+-------+-------+-------+-------++-------
Melee: Dagger            |     9 |     4 |     9 |    40 ||    62
       Bite              |       |       |       |     2 ||     2
 Cast: Ensorcelled Hiber |       |       |     3 |       ||     3
       Confusing Touch   |       |       |       |     7 ||     7
Invok: Lunge             |       |     2 |     5 |    10 ||    17
       Whirlwind         |       |       |     1 |     9 ||    10
 Abil: Exsanguinate      |     2 |       |       |       ||     2
  Use: Potion            |     1 |       |       |       ||     1
       Scroll            |       |       |       |     5 ||     5
 Stab: Sleeping          |     2 |     4 |     9 |    15 ||    30
       Confused          |       |       |       |     4 ||     4
       Distracted        |       |       |       |     1 ||     1
Armor: Robe              |     3 |       |       |       ||     3
       Leather armour    |       |       |       |     8 ||     8
Dodge: Dodged            |       |       |     2 |    10 ||    12
